 Dungeon Crawl Stone Soup version 0.30-b1-2-g02819fbbbe (webtiles) character file.

Game seed: 6966710291718729530

225 striepan the Slasher (level 5, -5/47 HPs)
             Began as a Minotaur Monk on Jan 16, 2024.
             Splashed by a jelly's acid (9 damage)
             ... on level 2 of the Dungeon.
             The game lasted 00:11:39 (1621 turns).

striepan the Slasher (Minotaur Monk)                Turns: 1621, Time: 00:11:39

Health: -5/47      AC: -1    Str: 16    XL:     5   Next: 68%
Magic:  0/4        EV: 13    Int:  7    God:
Gold:   86         SH:  0    Dex: 14    Spells: 4/4 levels left

rFire   . . .        a - +0 falchion
rCold   . . .        d - orb {light}
rNeg    . . .        i - +0 leather armour
rPois   .            (helmet restricted)
rElec   .            (no cloak)
rCorr   .            (no gloves)
SInv    .            (no boots)
Will    .....        g - amulet of guardian spirit
Stlth   +            (no ring)
HPRegen 0.27/turn    (no ring)
MPRegen 0.09/turn

%: guardian spirit
@: corroded, glowing
A: horns 2, retaliatory headbutt
a: no special abilities


You were on level 2 of the Dungeon.
You visited 1 branch of the dungeon, and saw 2 of its levels.

You collected 86 gold pieces.

Inventory:

Hand Weapons
 a - a +0 falchion (weapon)
Missiles
 b - 13 poisoned darts (quivered)
 j - 31 stones
Armour
 d - an orb of light (worn)
 i - a +0 leather armour (worn)
Jewellery
 g - an amulet of guardian spirit (around neck)
Scrolls
 e - 2 scrolls of poison {unknown}
 f - a scroll of noise {unknown}
 h - a scroll of immolation {unknown}
 k - 3 scrolls of magic mapping {unknown}
 l - a scroll of enchant armour {unknown}
 o - a scroll of torment {unknown}
 r - a scroll of butterflies {unknown}
Potions
 m - a potion of mutation {unknown}
 n - a potion of heal wounds {unknown}
 p - a potion of brilliance {unknown}
 q - a potion of curing {unknown}


   Skills:
 + Level 4.4 Fighting
 - Level 7.0 Long Blades
 - Level 4.0 Dodging


You had 4 spell levels left.
You didn't know any spells.
Your spell library contained the following spells:

 Spells                   Type           Power      Damage    Failure   Level
 Slow                     Hex            0%         N/A       50%         1


Dungeon Overview and Level Annotations

Branches:
Dungeon (2/15)

Altars:
Qazlal

Shops:
D:1 !


Innate Abilities, Weirdness & Mutations

You have a pair of horns on your head.
You reflexively headbutt those who attack you in melee.


Message History

* * * LOW HITPOINT WARNING * * *
You are splashed with acid.
* * * LOW HITPOINT WARNING * * *
You bump into the rock wall.
The jelly barely misses you.
You bump into the rock wall.
The jelly hits you.
* * * LOW HITPOINT WARNING * * *
You are splashed with acid.
* * * LOW HITPOINT WARNING * * *
You feel less invigorated.
You feel less confused. The jelly attacks as you move away!
The jelly misses you. You furiously retaliate!
You headbutt the jelly, but do no damage.
There is an open door here.
The jelly attacks as you move away! The jelly misses you.
There is an open gate here.
The jelly attacks as you move away! The jelly closely misses you.
The jelly attacks as you move away! The jelly closely misses you.
You are no longer corroded.
The jelly attacks as you move away! The jelly hits you.
* * * LOW HITPOINT WARNING * * *
You are splashed with acid!
* * * LOW HITPOINT WARNING * * *
The jelly attacks as you move away! The jelly hits you but does no damage.
The jelly attacks as you move away! The jelly misses you.
The jelly attacks as you move away! The jelly barely misses you.
You furiously retaliate!
You headbutt the jelly!
There are monsters nearby!
The jelly attacks as you move away! The jelly hits you.
* * * LOW HITPOINT WARNING * * *
The acid corrodes you!
You are splashed with acid.
* * * LOW HITPOINT WARNING * * *
The jelly attacks as you move away! The jelly barely misses you.
The jelly attacks as you move away! The jelly barely misses you.
The jelly attacks as you move away! The jelly misses you.
You furiously retaliate!
You headbutt the jelly. The jelly attacks as you move away! The jelly hits you.
* * * LOW HITPOINT WARNING * * *
You are splashed with acid!
You die...

### ########### ####.##
######...#.....# #.....##
.#...........#.# ##......#######
.#...........#.###.J...........#
.#..###.###.....@J.#.....#####.#
..##...#...#..####......## #.#
...#...#...#...# #####.##
####J## #..#...#..###..## ###
#...... .#..###..#...#..#
#.##.#. .#...#...#...#.........#
#.#.###
.#...#..##...#...#.....## #..##
# #.###..#..###.###.......#
#.#.### .......#...............#
#....#.


You could see a jelly and an endoplasm.

Vanquished Creatures
  A scorpion (D:2)
  2 jellies (D:2)
  Jessica (D:2)
  A gnoll (D:1)
  An adder (D:2)
  A worm (D:2)
  A dart slug (D:1)
  9 endoplasms
  2 giant cockroaches
  8 goblins
  4 hobgoblins
  2 jackals (D:1)
  2 quokkas
  3 ball pythons
  4 bats
  A frilled lizard (D:1)
  10 kobolds
  3 rats
56 creatures vanquished.

Vanquished Creatures (others)
  6 fungi (D:2)
  8 toadstools (D:2)
14 creatures vanquished.

Grand Total: 70 creatures vanquished

Notes
Turn   | Place    | Note
-------+----------+-------------------------------------------
     0 | D:1      | striepan the Minotaur Monk began the quest for the Orb.
     0 | D:1      | Reached XP level 1. HP: 19/19 MP: 0/0
    67 | D:1      | Reached skill level 4 in Long Blades
   131 | D:1      | Found a faded altar of an unknown god.
   140 | D:1      | Reached XP level 2. HP: 6/26 MP: 1/1
   229 | D:1      | Got Plato's Dissertation on Curses
   241 | D:1      | Found Loskaf's Distillery.
   262 | D:1      | Reached skill level 5 in Long Blades
   523 | D:1      | Reached XP level 3. HP: 31/31 MP: 2/2
   914 | D:2      | Noticed a scorpion
   921 | D:2      | Killed a scorpion
   922 | D:2      | Reached skill level 6 in Long Blades
   922 | D:2      | Reached XP level 4. HP: 25/40 MP: 3/3
   922 | D:2      | Noticed Jessica
  1131 | D:2      | Killed Jessica
  1132 | D:2      | Reached XP level 5. HP: 16/46 MP: 2/4
  1289 | D:2      | Found a stormy altar of Qazlal.
  1573 | D:2      | Reached skill level 7 in Long Blades
  1578 | D:2      | HP: 1/47 [acid (5)]
  1621 | D:2      | Splashed by a jelly's acid

Illustrated notes

Levels and vault maps discovered:
D:1:      wheals_arrival_linesprint, layout_rooms,
          shapermc_ecumenical_altar_rom_forum, serial_shops,
          nicolae_shop_industrial_runoff
D:2:      cheibrodos_fertilizer, layout_loops_cross, basic_altar,
          nicolae_titane, uniq_jessica

Skill      XL: |  1  2  3  4  5 |
---------------+----------------+-----
Long Blades    | 4 5 6 7 |  7.0
Fighting       | 4 |  4.4
Dodging        | 4 |  4.0

Action                     |  1- 3 |  4- 6 || total
---------------------------+-------+-------++-------
  Melee: Falchion          |    74 |    39 ||   113
         Headbutt          |    13 |     9 ||    22
    Use: Potion            |       |     1 ||     1
 Armour: Leather armour    |    15 |     8 ||    23
         Robe              |     3 |       ||     3
  Dodge: Dodged            |    54 |    37 ||    91
